Map: Dusk Towers

Players

State - Winner!

  • Race: Protoss Protoss
  • League: Grandmaster

kAnrO

  • Race: Protoss Protoss
  • League: Grandmaster

VOD

Have the link to the VOD?

Description

Time

  • Played on: Dec. 27, 2015, 9:09 p.m.
  • Length: 6:39
Show
View Real Time Build Order
Export as new Build Order

State Protoss - Winner!

Build Orders: 1 Gate Expand, Blink Stalkers 

Get SALT Encoding   

  12  0:00  Probe (Chrono Boost)  
  13  0:11  Probe (Chrono Boost)  
  14  0:17  Pylon  
  14  0:22  Probe (Chrono Boost)  
  15  0:35  Probe (Chrono Boost)  
  16  0:36  Gateway  
  16  0:42  Assimilator  
  16  0:46  Probe (Chrono Boost)  
  17  0:57  Probe (Chrono Boost)  
  18  1:08  Probe (Chrono Boost)  
  19  1:18  Nexus  
  19  1:21  Probe (Chrono Boost)  
  20  1:31  Cybernetics Core  
  20  1:34  Probe (Chrono Boost)  
  20  1:39  Assimilator  
  21  1:44  Probe (Chrono Boost)  
  22  1:49  Pylon  
  22  1:55  Probe (Chrono Boost)  
  23  2:07  Stalker, Probe (Chrono Boost)  
  23  2:08  Warp Gate  
  26  2:17  Probe (Chrono Boost)  
  27  2:26  Twilight Council  
  27  2:28  Probe (Chrono Boost)  
  28  2:30  Probe (Chrono Boost)  
  29  2:37  Stalker  
  29  2:38  Probe (Chrono Boost)  
  29  2:41  Probe (Chrono Boost)  
  35  2:51  Mothership Core (Chrono Boost)  
  35  2:52  Probe (Chrono Boost)  
  35  3:02  Probe (Chrono Boost)  
  36  3:09  Probe (Chrono Boost)  
  37  3:13  Probe (Chrono Boost)  
  37  3:14  Blink (Chrono Boost)  
  39  3:20  Probe (Chrono Boost)  
  39  3:23  Probe (Chrono Boost), Pylon  
  39  3:26  Stalker  
  42  3:30  Probe (Chrono Boost)  
  42  3:33  Probe (Chrono Boost)  
  43  3:39  Nexus  
  44  3:41  Probe  
  44  3:44  Probe  
  46  3:52  Robotics Facility  
  46  3:53  Probe  
  47  3:58  Probe  
  47  3:59  Pylon  
  48  4:07  Gateway  
  48  4:08  Gateway  
  48  4:10  Probe  
  48  4:14  Stalker  
  48  4:15  Probe  
  51  4:22  Probe  
  49  4:26  Probe  
  48  4:32  Gateway  
  48  4:33  Gateway  
  48  4:34  Probe  
  49  4:40  Observer (Chrono Boost)  
  49  4:42  Probe  
  51  4:47  Stalker  
  51  4:49  Probe  
  54  4:53  Gateway  
  54  4:54  Probe  
  54  4:57  Gateway  
  56  5:01  Probe  
  56  5:02  Warp Prism (Chrono Boost)  
  56  5:03  Probe  
  56  5:07  Probe  
  60  5:13  Probe x2  
  61  5:16  Pylon  
  61  5:19  Sentry  
  64  5:21  Probe  
  64  5:24  Probe  
  64  5:25  Probe  
  67  5:34  Stalker x3  
  67  5:35  Stalker  
  75  5:38  Probe  
  75  5:39  Probe x2 (Chrono Boost)  
  75  5:40  Pylon  
  78  5:50  Probe (Chrono Boost)  
  78  5:51  Probe (Chrono Boost)  
  78  5:53  Probe (Chrono Boost)  
  78  5:54  Assimilator  
  78  5:55  Assimilator  
  81  5:57  Pylon  
  81  5:59  Stalker x3  
  87  6:05  Probe x2 (Chrono Boost)  
  87  6:06  Probe (Chrono Boost)  
  90  6:24  Stalker x3  
Show
View Real Time Build Order
Export as new Build Order

kAnrO Protoss 

Build Orders: 1 Gate Expand, Oracle Opening, Phoenix Opening 

Get SALT Encoding   

  12  0:01  Probe (Chrono Boost)  
  13  0:11  Probe (Chrono Boost)  
  14  0:20  Pylon  
  14  0:22  Probe (Chrono Boost)  
  15  0:38  Probe (Chrono Boost)  
  15  0:40  Gateway  
  16  0:43  Assimilator  
  16  0:48  Probe (Chrono Boost)  
  17  0:59  Probe (Chrono Boost)  
  18  1:09  Probe (Chrono Boost)  
  19  1:20  Probe (Chrono Boost)  
  19  1:23  Nexus  
  20  1:30  Probe (Chrono Boost)  
  21  1:37  Cybernetics Core  
  21  1:41  Probe (Chrono Boost)  
  21  1:46  Assimilator  
  22  1:52  Pylon  
  22  1:54  Probe (Chrono Boost)  
  23  2:10  Probe (Chrono Boost)  
  24  2:17  Adept (Chrono Boost)  
  24  2:19  Warp Gate  
  24  2:21  Probe  
  27  2:35  Stargate  
  27  2:37  Probe  
  27  2:44  Probe  
  28  2:49  Adept (Chrono Boost)  
  31  2:51  Mothership Core  
  31  2:54  Probe  
  34  3:00  Pylon  
  34  3:05  Probe  
  34  3:13  Probe  
  34  3:17  Probe  
  38  3:20  Oracle (Chrono Boost)  
  38  3:25  Probe  
  38  3:27  Gateway  
  40  3:28  Gateway  
  40  3:30  Probe  
  40  3:32  Pylon  
  41  3:37  Probe  
  42  3:43  Pylon  
  42  3:51  Probe  
  42  3:52  Probe  
  42  3:55  Assimilator  
  44  3:57  Phoenix (Chrono Boost), Assimilator  
  44  4:01  Probe  
  46  4:04  Probe  
  48  4:12  Probe  
  49  4:24  Probe  
  49  4:26  Probe  
  44  4:31  Stargate  
  44  4:34  Phoenix (Chrono Boost)  
  46  4:42  Nexus  
  46  4:44  Pylon  
  46  4:47  Stalker x2  
  46  4:49  Sentry  
  46  4:50  Probe  
  46  4:51  Probe  
  54  4:59  Phoenix (Chrono Boost)  
  56  5:01  Probe  
  56  5:04  Probe  
  58  5:12  Probe  
  59  5:15  Phoenix (Chrono Boost)  
  59  5:16  Probe  
  62  5:24  Phoenix (Chrono Boost)  
  62  5:27  Probe  
  65  5:31  Gateway  
  65  5:34  Gateway  
  65  5:38  Probe, Phoenix (Chrono Boost)  
  65  5:42  Probe  
  69  5:45  Pylon  
  69  5:50  Phoenix (Chrono Boost)  
  71  5:58  Probe x2  
  71  6:01  Robotics Facility  
  73  6:05  Pylon  
  73  6:06  Probe  
  73  6:07  Phoenix (Chrono Boost)  
  73  6:10  Probe  
  77  6:17  Stalker x2  
Tags
 
Add a new tag
Caveats
  • Supply blocks, unpowered buildings, or Contaminate may cause inaccurate times.
  • Supply counts are checked every 10 seconds.